 Dungeon Crawl Stone Soup version 0.31-a0-246-g8cbcc1cb85 (webtiles) character file.

Game seed: 9800735297098490314

665 promet the Covert (level 7, 0/36 HPs)
             Began as an Octopode Brigand on July 13, 2023.
             Splashed by a jelly's acid (8 damage)
             ... on level 5 of the Dungeon.
             The game lasted 00:29:09 (5726 turns).

promet the Covert (Octopode Brigand)                Turns: 5726, Time: 00:29:16

Health: 0/36       AC:  0    Str: 10    XL:     7   Next: 57%
Magic:  8/8        EV: 13    Int: 19    God:
Gold:   199        SH:  0    Dex: 14    Spells: 8/8 levels left

rFire   + + .        a - +2 dagger (protect)
rCold   . . .        (no shield)
rNeg    . . .        (helmet restricted)
rPois   .            (no amulet)
rElec   .            f - ring of willpower
rCorr   .            t - ring of protection from fire
SInv    .            o - +6 ring of intelligence
Will    +....        h - ring of protection from fire
Stlth   +++++        (no ring)
HPRegen 0.26/turn    (no ring)
MPRegen 0.11/turn    (no ring)
                     (no ring)

%: no passive effects
@: corroded, under a protective aura
A: almost no armour, amphibious, 8 rings, camouflage 1, gelatinous body 1,
(nimble swimmer 1), tentacles, clumsy 1, frail 2, low MP 1
a: no special abilities


You were on level 5 of the Dungeon.
You visited 1 branch of the dungeon, and saw 5 of its levels.

You collected 199 gold pieces.

Inventory:

Hand Weapons
 a - a +2 dagger of protection (weapon)
 b - the +6 sling "Xaderph" {elec, Contam rCorr Int+4 Dex+3}
   (You found it on level 2 of the Dungeon)

   Int:       It affects your intelligence (+4).
   Dex:       It affects your dexterity (+3).
   Contam:    It causes magical contamination when unequipped.
   rCorr:     It protects you from acid and corrosion.
 c - the +1 long sword of Descent {flame, rF+ Int+2}
   (You found it on level 4 of the Dungeon)

   Int:       It affects your intelligence (+2).
   rF:        It protects you from fire.
 d - a +0 short sword
 j - a +0 spear
 q - a +0 long sword
 r - a +3 dagger
 u - a +0 whip of flaming
Missiles
 e - 39 stones (quivered)
 g - 3 curare-tipped darts
 i - 9 poisoned darts
 p - 2 javelins
 w - a throwing net
Magical Staves
 k - a staff of death
Jewellery
 f - a ring of willpower (left tentacle)
 h - a ring of protection from fire (on tentacle)
 o - a +6 ring of intelligence (on tentacle)
 t - a ring of protection from fire (right tentacle)
Scrolls
 l - a scroll of identify
 s - a scroll of teleportation
 v - a scroll of silence {unknown}
Potions
 m - 2 potions of curing
 n - a potion of heal wounds


   Skills:
 + Level 3.0 Fighting
 + Level 4.1 Short Blades
 + Level 2.5 Ranged Weapons
 + Level 2.7 Throwing
 + Level 1.9 Dodging
 + Level 9.0 Stealth
 * Level 1.4 Spellcasting


You had 8 spell levels left.
You didn't know any spells.
Your spell library contained the following spells:

 Spells                   Type           Power      Damage    Failure   Level
 Cigotuvi's Dreadful Rot  Necr/Pois/Air  2%         N/A       26%         2
 Ignite Poison            Fire/Tmut/Pois 1%         N/A       47%         3
 Freezing Cloud           Conj/Ice/Air   0%         6-21      99%         5


Dungeon Overview and Level Annotations

Branches:
Dungeon (5/15)
 Temple: D:4-7

Altars:
Okawaru
Wu Jian

Shops:
D:5 *:


Innate Abilities, Weirdness & Mutations

You cannot wear most types of armour.
You are amphibious.
You can wear up to eight rings at the same time.
Your skin changes colour to match your surroundings (Stealth+).
Your rubbery body absorbs attacks. (AC +1, EV +1)
((You are camouflaged when in or above water. (Stealth+)))
You have tentacles for arms and can constrict up to eight enemies at once.
You are clumsy. (Dex -2)
You are very frail. (-20% HP)
Your magical capacity is low. (-10% MP)


Message History

w - a throwing net
i - 9 poisoned darts (gained 1)
Things that are here:
a +0 robe; a +0 dagger
There is a stone staircase leading down here.
You see here a +0 kite shield.
A jelly comes into view.
The jelly quivers.
You hit the jelly.
Your weapon exudes an aura of protection.
Your tentacles burn!
The jelly is moderately wounded.
You barely miss the jelly. You tentacle-slap the jelly.
The jelly is moderately wounded.
The jelly hits you. The acid corrodes you!
You are splashed with acid.
You hit the jelly but do no damage.
Your tentacles burn!
The jelly is moderately wounded.
The jelly completely misses you.
You hit the jelly.
Your tentacles burn!
The jelly is heavily wounded.
The jelly closely misses you.
You hit the jelly but do no damage. The acid corrodes you!
Your tentacles burn!
You squeeze the jelly.
The jelly is heavily wounded.
You barely miss the jelly.
The jelly is heavily wounded.
The jelly closely misses you.
You hit the jelly.
Your tentacles burn!
The jelly is severely wounded.
The jelly barely misses you.
You hit the jelly but do no damage.
Your tentacles burn!
The jelly is severely wounded.
The jelly closely misses you.
You hit the jelly but do no damage. The acid corrodes you!
Your tentacles burn!
* * * LOW HITPOINT WARNING * * *
The jelly is severely wounded.
The jelly hits you.
* * * LOW HITPOINT WARNING * * *
You are splashed with acid!
You die...

###....#.........##.#.#..###....
###..##....................#..
######...................###
##.....................##.
#..........###...####.....
##.###....###....# ##.... ##
#....#####...# ##...
#....#.####...# ##.#
#....@J........# ##..
#####............ ....
###..............# ...... ......
..... ...... ....# ...... ....
.....> #... ...... ......


You could see a jelly.

Vanquished Creatures
  A black bear (D:4)
  3 scorpions
  A jelly (D:5)
  4 hounds
  2 orc wizards (D:5)
  6 gnolls
  4 adders
  An ufetubus (D:4)
  5 worms
  3 dart slugs
  5 orcs
  9 endoplasms
  3 giant cockroaches
  9 goblins
  11 hobgoblins
  6 kobolds
  2 quokkas
  3 ball pythons
  7 bats
  4 frilled lizards
  3 rats
92 creatures vanquished.

Notes
Turn   | Place    | Note
-------+----------+-------------------------------------------
     0 | D:1      | promet the Octopode Brigand began the quest for the Orb.
     0 | D:1      | Reached XP level 1. HP: 14/14 MP: 1/1
   224 | D:1      | Reached XP level 2. HP: 19/19 MP: 2/2
   791 | D:2      | Reached skill level 6 in Stealth
  1060 | D:2      | Reached XP level 3. HP: 21/24 MP: 3/3
  1546 | D:2      | Reached XP level 4. HP: 18/29 MP: 4/4
  2010 | D:2      | Identified the +6 sling "Xaderph" {elec, Contam rCorr Int+4
                  | Dex+3}
  2465 | D:3      | Reached XP level 5. HP: 23/34 MP: 5/5
  2660 | D:3      | Gained mutation: You are frail. (-10% HP) [mutagenic glow]
  2683 | D:3      | Gained mutation: You are clumsy. (Dex -2) [mutagenic glow]
  2696 | D:3      | Gained mutation: Your magical capacity is low. (-10% MP)
                  | [mutagenic glow]
  2807 | D:3      | Reached skill level 7 in Stealth
  3180 | D:4      | Reached skill level 1 in Ranged Weapons
  3239 | D:4      | Noticed a black bear
  3500 | D:4      | Reached XP level 6. HP: 25/36 MP: 5/5
  3773 | D:4      | Reached skill level 8 in Stealth
  3910 | D:4      | Killed a black bear
  3918 | D:4      | Gained mutation: You are very frail. (-20% HP) [mutagenic
                  | glow]
  4356 | D:4      | Found an iron altar of Okawaru.
  4439 | D:4      | Identified the +1 long sword of Descent {flame, rF+ Int+2}
  4806 | D:5      | Entered Level 5 of the Dungeon
  4869 | D:5      | Reached XP level 7. HP: 36/36 MP: 5/7
  4929 | D:5      | Found Kasus's Book Shop.
  5058 | D:5      | Reached skill level 1 in Spellcasting
  5198 | D:5      | Reached skill level 9 in Stealth
  5358 | D:5      | Found Zopu's CLEARANCE SALE!.
  5639 | D:5      | Found an ornate altar of the Wu Jian Council.
  5726 | D:5      | Splashed by a jelly's acid

Illustrated notes

Levels and vault maps discovered:
D:1:      nzn_arrival_depleted_hourglass, layout_rooms
D:2:      layout_loops_ring, minmay_misc_feat_columns
D:3:      layout_basic, mainiacjoe_overflow_boulevard, basic_ecumenical_altar
D:4:      layout_cave_pools, lemuel_round_altar
D:5:      layout_cave_pools, marbit_many_paths, minmay_temple_entry_nine_rooms,
          serial_shops, shop, nicolae_shop_clearance

Skill      XL: |  1  2  3  4  5  6  7 |
---------------+----------------------+-----
Stealth        | 6 7 8 9 |  9.0
Short Blades   | 3 4 |  4.1
Ranged Weapons | 1 2 |  2.5
Spellcasting   | 1 |  1.4
Fighting       | 3 |  3.0
Throwing       | |  2.7
Dodging        | |  1.9

Action                     |  1- 3 |  4- 6 |  7- 9 || total
---------------------------+-------+-------+-------++-------
  Melee: Dagger            |    45 |    96 |    41 ||   182
         Constrict         |    10 |    16 |     8 ||    34
         Tentacles         |     9 |    19 |    11 ||    39
         Whip              |       |     2 |       ||     2
         Punch             |       |     2 |     1 ||     3
         Long sword        |       |     1 |       ||     1
   Fire: Sling             |       |    17 |       ||    17
  Throw: Dart              |     4 |     8 |       ||    12
         Throwing net      |     1 |     2 |       ||     3
         Stone             |       |     1 |     5 ||     6
    Use: Scroll            |     2 |     4 |     2 ||     8
         Potion            |       |     2 |     2 ||     4
   Stab: Sleeping          |     6 |    21 |     1 ||    28
 Armour: Skin              |       |     6 |     6 ||    12
  Dodge: Dodged            |    17 |    36 |    21 ||    74

Table legend: (Time is in decaauts)
 A = Elapsed time spent in this place.
 B = Non-inter-level travel time spent in this place.
 C = Inter-level travel time spent in this place.
 D = Time resting spent in this place.
 E = Time spent auto-exploring this place.
 F = Levels seen in this place.
 G = Mean time per level.
                   A        B        C        D        E       F      G
               +--------+--------+--------+--------+--------+-----+--------+
         Total |   5697 |   5412 |    285 |   2251 |   1142 |   5 | 1139.4 |
       Dungeon |   5697 |   5412 |    285 |   2251 |   1142 |   5 | 1139.4 |
               +--------+--------+--------+--------+--------+-----+--------+

Top non-repeatable levels by time:
     D:4: 1458 daAuts
     D:2: 1259 daAuts
     D:3: 1123 daAuts
     D:1: 1054 daAuts
     D:5: 800 daAuts
